Map: 프리온 단구

Players

lIIlllIIIIIl

  • Race: Protoss Protoss
  • League: Master

llllllllllll (Scarlett) - Winner!

  • Race: Zerg Zerg
  • League: Grandmaster

VOD

Have the link to the VOD?

Description

Time

  • Played on: April 14, 2016, 1:24 a.m.
  • Length: 6:52
Show
View Real Time Build Order
Export as new Build Order

lIIlllIIIIIl Protoss 

Build Orders: 1 Gate Expand 

Get SALT Encoding   

  12  0:01  Probe (Chrono Boost)  
  13  0:12  Probe (Chrono Boost)  
  14  0:18  Pylon  
  14  0:22  Probe (Chrono Boost)  
  15  0:36  Probe (Chrono Boost)  
  15  0:40  Gateway  
  16  0:46  Probe (Chrono Boost)  
  18  0:57  Probe (Chrono Boost)  
  18  1:13  Nexus  
  18  1:18  Assimilator  
  18  1:21  Probe (Chrono Boost)  
  19  1:31  Cybernetics Core  
  19  1:34  Probe (Chrono Boost)  
  20  1:43  Assimilator  
  20  1:44  Probe (Chrono Boost)  
  21  1:50  Pylon  
  21  1:55  Probe (Chrono Boost)  
  22  2:05  Probe (Chrono Boost)  
  22  2:08  Adept (Chrono Boost), Warp Gate  
  25  2:17  Probe  
  26  2:25  Mothership Core  
  26  2:29  Probe  
  29  2:35  Adept (Chrono Boost)  
  31  2:41  Probe  
  32  2:44  Probe  
  33  2:53  Probe  
  33  2:55  Probe  
  35  3:01  Adept (Chrono Boost)  
  35  3:04  Pylon  
  35  3:05  Probe  
  38  3:06  Probe  
  39  3:16  Probe  
  39  3:17  Probe  
  41  3:23  Stargate  
  41  3:24  Pylon  
  41  3:25  Robotics Facility  
  41  3:29  Probe  
  41  3:31  Probe  
  41  3:32  Assimilator  
  43  3:34  Assimilator  
  43  3:40  Pylon  
  43  3:45  Probe  
  43  3:47  Probe  
  43  3:56  Probe  
  43  3:59  Probe  
  45  4:07  Phoenix (Chrono Boost)  
  45  4:08  Probe  
  48  4:11  Probe  
  48  4:16  Warp Prism (Chrono Boost)  
  51  4:17  Gateway  
  51  4:20  Gateway  
  51  4:22  Gateway, Adept  
  53  4:25  Probe  
  53  4:26  Probe  
  53  4:30  Pylon  
  55  4:31  Phoenix  
  57  4:47  Adept  
  59  4:53  Phoenix  
  59  4:59  Immortal (Chrono Boost)  
  65  5:01  Pylon x2  
  65  5:15  Phoenix  
  67  5:23  Adept x2  
  67  5:24  Adept x2  
  67  5:27  Gateway  
  75  5:29  Gateway  
  75  5:34  Immortal (Chrono Boost)  
  79  5:39  Pylon, Phoenix  
  81  5:48  Sentry  
  81  5:49  Sentry  
  85  5:51  Pylon  
  85  5:52  Pylon  
  85  6:01  Pylon  
  85  6:02  Pylon  
  85  6:04  Sentry x2  
  89  6:21  Adept x2  
  89  6:24  Adept x2  
  97  6:28  Adept x2  
Show
View Real Time Build Order
Export as new Build Order

llllllllllll Zerg - Winner!

Build Orders: Hatch First 

Get SALT Encoding   

  12  0:00  Drone  
  13  0:09  Drone  
  14  0:18  Overlord  
  14  0:26  Extractor, Drone  
  15  0:37  Drone  
  15  0:38  Drone  
  17  0:51  Hatchery  
  17  0:56  Drone  
  17  1:00  Drone  
  18  1:08  Extractor, Drone  
  18  1:16  Spawning Pool  
  17  1:19  Drone  
  18  1:27  Drone  
  19  1:37  Drone  
  20  1:47  Hatchery  
  20  1:53  Drone  
  20  2:03  Drone  
  20  2:04  Drone  
  22  2:10  Metabolic Boost  
  22  2:14  Drone x2  
  24  2:20  Queen  
  26  2:24  Overlord  
  26  2:36  Zergling x2  
  26  2:37  Zergling x2  
  28  2:42  Queen  
  31  2:44  Drone x2  
  32  2:53  Drone x2  
  32  2:56  Pneumatized Carapace  
  34  2:59  Queen  
  34  3:00  Drone  
  34  3:01  Zergling x2  
  34  3:04  Zergling x2  
  39  3:12  Zergling x2  
  40  3:14  Zergling x2  
  40  3:17  Zergling x2  
  40  3:18  Extractor  
  41  3:22  Zergling x2  
  41  3:26  Overlord  
  42  3:46  Zergling x6  
  42  3:47  Drone  
  42  3:48  Drone x4  
  45  3:59  Overlord  
  45  4:00  Drone x5  
  50  4:05  Lair  
  50  4:09  Evolution Chamber  
  49  4:13  Overlord  
  49  4:14  Drone  
  50  4:19  Extractor  
  50  4:20  Extractor  
  50  4:23  Overlord  
  48  4:26  Extractor  
  48  4:27  Drone x5  
  52  4:33  Drone  
  52  4:34  Hatchery, Drone  
  52  4:35  Zerg Missile Weapons Level 1  
  52  4:36  Drone  
  52  4:37  Drone x3  
  57  4:39  Queen  
  59  4:46  Queen  
  59  4:48  Drone x3  
  64  4:55  Spore Crawler  
  64  4:57  Zergling x10  
  68  5:02  Spore Crawler  
  67  5:08  Drone x2  
  67  5:09  Hydralisk Den, Zergling x6  
  71  5:19  Drone  
  71  5:20  Overlord, Drone x2  
  71  5:21  Overlord x2  
  74  5:27  Baneling Nest  
  72  5:32  Zergling x2  
  73  5:41  Hydralisk x7  
  87  5:47  Hydralisk  
  87  5:48  Hydralisk x2  
  93  5:51  Zergling x2  
  93  5:53  Hydralisk  
  93  5:54  Hydralisk  
  98  5:59  Hydralisk  
  98  6:00  Hydralisk  
  98  6:01  Zergling x2  
  103  6:11  Baneling x6  
  103  6:13  Overlord  
  103  6:14  Overlord x3  
  103  6:23  Overlord x2  
Tags
 
Add a new tag
Caveats
  • Supply blocks, unpowered buildings, or Contaminate may cause inaccurate times.
  • Supply counts are checked every 10 seconds.